 Dungeon Crawl Stone Soup version 0.32-a0-705-g60f233581c (webtiles) character file.

Game seed: 4478932498580114055

3817 croobank the Merchant of Misery (level 9, -6/78 HPs)
             Began as a Mountain Dwarf Fighter on Mar 14, 2024.
             Was a Believer of Kikubaaqudgha.
             Killed from afar by an arcanist (12 damage)
             ... with a lance of force
             ... on level 10 of the Dungeon.
             The game lasted 00:27:59 (9772 turns).

croobank the Merchant of Misery (MDFi)              Turns: 9772, Time: 00:27:59

Health: -6/78      AC: 11    Str: 21    XL:     9   Next: 97%
Magic:  0/17       EV:  8    Int: 14    God:    Kikubaaqudgha [**....]
Gold:   71         SH:  5    Dex:  9    Spells: 12/19 levels left

rFire   . . .        a - +1 war axe (drain)
rCold   + . .        c - +0 buckler
rNeg    . . .        b - +0 scale mail
rPois   .            (no helmet)
rElec   .            D - +0 cloak
rCorr   +            n - +0 pair of gloves
SInv    +            K - +0 pair of boots
Will    .....        N - amulet of guardian spirit Stlth
                     j - ring of flight
HPRegen 0.33/turn    l - ring of the Original Sin {rC+ rCorr Int+3 SInv}
MPRegen 0.15/turn

%: guardian spirit
@: on fire, fugue, animating dead, fragile (+50% incoming damage), flying,
glowing
A: runic magic, artefact enchanting
a: Renounce Religion, Unearth Wretches


You were on level 10 of the Dungeon.
You worshipped Kikubaaqudgha.
Kikubaaqudgha was pleased with you.
You visited 1 branch of the dungeon, and saw 10 of its levels.

You collected 452 gold pieces.
You spent 381 gold pieces at shops.

Inventory:

Hand Weapons
 a - a +1 war axe of draining (weapon)
 f - a +4 hand axe
 p - the +0 dagger "Tomua" {freeze, rPois Str+3}
   (You found it on level 6 of the Dungeon)

   Str+3:     It affects your strength (+3).
   rPois:     It protects you from poison.
 s - a +2 whip of electrocution
 y - a +2 flail of holy wrath
 J - a +3 broad axe of venom
 M - a +3 spear of flaming
Missiles
 o - 10 poisoned darts (quivered)
 u - 7 boomerangs
Armour
 b - a +0 scale mail (worn)
 c - a +0 buckler (worn)
 n - a +0 pair of gloves (worn)
 z - a +2 leather armour of cold resistance
 A - a +0 chain mail of fire resistance
 B - a +3 chain mail
 D - a +0 cloak (worn)
 K - a +0 pair of boots (worn)
Jewellery
 j - a ring of flight (left hand)
 l - the ring of the Original Sin (right hand) {rC+ rCorr Int+3 SInv}
   (You acquired it on level 5 of the Dungeon)

   [ring of see invisible]

   Int+3:     It affects your intelligence (+3).
   rC+:       It protects you from cold.
   SInv:      It lets you see invisible.
   rCorr:     It protects you from acid and corrosion.
 L - a ring of positive energy
 N - an amulet of guardian spirit (around neck)
Talismans
 g - a beast talisman
Wands
 x - a wand of charming (15)
Scrolls
 h - 10 scrolls of identify
 i - 5 scrolls of teleportation
 r - 2 scrolls of poison
 t - a scroll of torment
 v - 2 scrolls of fear
 w - 2 scrolls of fog
 H - a scroll of noise {unknown}
 O - a scroll of blinking {unknown}
Potions
 d - a potion of attraction
 e - a potion of brilliance
 k - a potion of cancellation
 m - 3 potions of curing
 q - a potion of magic
 C - a potion of might
 E - a potion of haste
 F - a potion of enlightenment {unknown}
 G - a potion of lignification
 I - 2 potions of heal wounds {unknown}
 P - a potion of berserk rage {unknown}


   Skills:
 + Level 6.7 Fighting
 + Level 6.9 Axes
 + Level 6.6 Armour
 + Level 6.5 Shields
 * Level 5.5 Spellcasting
 * Level 7.4 Necromancy


You had 12 spell levels left.
You knew the following spells:

 Your Spells              Type           Power      Damage    Failure   Level
a - Fugue of the Fallen   Necr           24%        N/A       3%          3
A - Animate Dead          Necr           24%        N/A       12%         4

Your spell library contained the following spells:

 Spells                   Type           Power      Damage    Failure   Level
 Necrotise                Necr           96%        1d8       1%          1
 Sublimation of Blood     Necr           24%        N/A       1%          2
 Kiss of Death            Conj/Necr      56%        2d9       5%          1
 Jinxbite                 Hex            6%         N/A       36%         2
 Call Canine Familiar     Summ           3%         N/A       58%         3
 Dazzling Flash           Conj/Hex       6%         N/A       58%         3
 Hailstorm                Conj/Ice       3%         3d5       58%         3
 Ozocubu's Armour         Ice            3%         N/A       58%         3
 Sigil of Binding         Hex            3%         N/A       58%         3
 Summon Ice Beast         Ice/Summ       3%         N/A       58%         3
 Dimensional Bullseye     Hex/Tloc       1%         N/A       94%         4
 Ignite Poison            Fire/Alch      3%         N/A       94%         4
 Leda's Liquefaction      Alch/Erth      1%         N/A       94%         4
 Manifold Assault         Tloc           3%         N/A       94%         4
 Petrify                  Alch/Erth      3%         N/A       94%         4
 Sticky Flame             Fire/Alch      3%         2d4       94%         4
 Metabolic Englaciation   Hex/Ice        1%         N/A       100%        5
 Yara's Violent Unravell  Hex/Alch       1%         3d3       100%        5
 Permafrost Eruption      Ice/Erth       1%         2x4d2     100%        6
 Sculpt Simulacrum        Ice/Alch       1%         N/A       100%        6
 Starburst                Conj/Fire      1%         6d3       100%        6
 Enfeeble                 Hex            1%         N/A       100%        7
 Ignition                 Fire           1%         3d3       100%        8
 Maxwell's Capacitive Co  Air            1%         ∞         100%        8


Dungeon Overview and Level Annotations

Branches:
Dungeon (10/15)            Temple (0/1) D:4            Lair (0/5) D:9
    Orc: D:9-12

Altars:
Ashenzari
Cheibriados
Fedhas
Hepliaklqana
Kikubaaqudgha
Nemelex Xobeh
Okawaru
Ru
Sif Muna
Trog
Uskayaw
Xom
Yredelemnul
The Shining One

Shops:
D:8 *   D:10 (


Innate Abilities, Weirdness & Mutations

Your spellcasting is much less encumbered by armour.
You can use scrolls of enchantment on lesser artefacts.


Message History

The deep elf pyromancer casts a spell at you.
The pyre arrow hits you.
You are even more covered in intense liquid fire!
The orc barely misses you. The orc hits you but does no damage.
Your orc wizard zombie hits the orc but does no damage.
The deep elf pyromancer mumbles some strange words.
The deep elf pyromancer blinks!
You barely miss the orc. The liquid fire burns you! You block the orc's attack.
An arcanist comes into view. It is wielding a +0 dagger.
You closely miss the orc. You hit the orc. The liquid fire burns you!
The orc closely misses you. The orc hits you but does no damage.
The orc hits your orc wizard zombie with a +4 hand axe!
Your orc wizard zombie hits the orc but does no damage.
You slash the orc!
You kill the orc!
Kikubaaqudgha accepts your kill.
You closely miss the orc.
The dead are walking!
The liquid fire burns you! You block the orc's attack.
Your orc wizard zombie barely misses the orc.
You slice the orc!!
You kill the orc!
Kikubaaqudgha accepts your kill.
You barely miss the arcanist.
The dead are walking!
The liquid fire burns you!
* * * LOW HITPOINT WARNING * * *
The arcanist casts a spell at you.
Your body becomes as fragile as glass!
The arcanist mumbles some strange words.
The arcanist seems to speed up.
You shake off some of the fire as you move.
The liquid fire burns you!
* * * LOW HITPOINT WARNING * * *
The arcanist points at you and mumbles some strange words.
The lance of force hits you!
You die...
Kikubaaqudgha rasps: You have failed me!
Welcome... death!

...# #..###..##.#.#
.... ##...#..###.#.#
...e. #..#.#.## #.#..
.^...###.......###....
^>^....#.........[...<
#...########+####
#p..# ##...# #@Z..#
#Z...Z.... #.....$####
.........#
............
#..<...########
#...... #......


You could see an arcanist (fast, ally target), 2 friendly orc zombies and a
friendly orc wizard zombie.

Vanquished Creatures
  A two-headed ogre (D:9)
  A troll (D:9)
  A wraith (D:10)
  A steam dragon (D:8)
  An acid dragon (D:10)
  A water moccasin (D:8)
  2 orc warriors
  2 ice beasts
  3 ogres
  A centaur (D:9)
  3 wolves (D:9)
  2 kobold brigands
  A gnoll sergeant (D:9)
  3 bullfrogs
  2 scorpions (D:6)
  4 wights (D:6)
  4 killer bees (D:7)
  5 howler monkeys
  2 bombardier beetles
  A gnoll bouda (D:6)
  4 jellies
  4 orc priests
  9 hounds
  A sleepcap (D:5)
  2 iguanas
  4 orc wizards
  4 gnolls
  7 adders
  A shadow imp (D:7)
  4 white imps
  An ufetubus (D:5)
  7 dart slugs
  4 ribbon worms
  20 orcs
  8 ball pythons
  11 endoplasms
  8 giant cockroaches
  7 goblins
  8 hobgoblins
  18 kobolds
  3 quokkas
  8 bats
  3 frilled lizards (D:3)
  5 rats
192 creatures vanquished.

Vanquished Creatures (collateral kills)
  A kobold brigand (D:9)
  A howler monkey (D:9)
  A sleepcap (D:8)
  2 gnolls (D:9)
  An orc (D:8)
  A kobold (D:9)
7 creatures vanquished.

Vanquished Creatures (others)
  A two-headed ogre zombie (D:9)
  A centaur (D:9)
  A centaur zombie (D:9)
  A jelly (D:9)
  A hound zombie (D:9)
  A jelly zombie (D:9)
  3 orc zombies (D:8)
  An endoplasm (D:8)
  3 gnoll zombies (D:9)
  A hobgoblin (D:9)
14 creatures vanquished.

Grand Total: 213 creatures vanquished

Notes
Turn   | Place    | Note
-------+----------+-------------------------------------------
     0 | D:1      | croobank the Mountain Dwarf Fighter began the quest for the
                  | Orb.
     0 | D:1      | Reached XP level 1. HP: 19/19 MP: 1/1
   217 | D:1      | Reached XP level 2. HP: 22/26 MP: 2/2
   487 | D:1      | Reached XP level 3. HP: 33/33 MP: 3/3
   870 | D:2      | Found a faded altar of an unknown god.
  1154 | D:2      | Reached XP level 4. HP: 23/40 MP: 4/4
  1661 | D:3      | Found an ancient bone altar of Kikubaaqudgha.
  1668 | D:3      | Became a worshipper of Kikubaaqudgha
  1929 | D:3      | Found a sacrificial altar of Ru.
  1994 | D:3      | Found an iron altar of Okawaru.
  2630 | D:3      | You fall into a shaft and drop 3 floors!
  2646 | D:6      | Reached skill level 1 in Necromancy
  2652 | D:6      | Reached XP level 5. HP: 46/46 MP: 4/6
  2757 | D:6      | Reached skill level 1 in Spellcasting
  2920 | D:5      | Entered Level 5 of the Dungeon
  2978 | D:5      | Reached skill level 2 in Necromancy
  2998 | D:5      | Noticed an ice beast
  3020 | D:5      | Killed an ice beast
  3021 | D:5      | Reached XP level 6. HP: 53/53 MP: 8/8
  3267 | D:4      | Reached * piety under Kikubaaqudgha
  3267 | D:4      | Received a gift from Kikubaaqudgha
  3276 | D:4      | Learned a level 4 spell: Animate Dead
  3414 | D:4      | Found a staircase to the Ecumenical Temple.
  3904 | D:4      | Found a glowing golden altar of the Shining One.
  3918 | D:4      | Reached skill level 3 in Necromancy
  4016 | D:4      | Reached XP level 7. HP: 56/60 MP: 10/10
  4052 | D:4      | Found a blossoming altar of Fedhas.
  4351 | D:4      | Found a shimmering altar of Xom.
  4824 | D:5      | Identified a scroll of acquirement
  4824 | D:5      | Acquired the ring of the Original Sin {rC+ rCorr Int+3
                  | SInv}
  5073 | D:5      | Found a hazy altar of Hepliaklqana.
  5173 | D:5      | Found a sparkling altar of Nemelex Xobeh.
  5181 | D:5      | Reached skill level 5 in Fighting
  5313 | D:6      | Found a bloodstained altar of Trog.
  5320 | D:6      | Identified the +0 dagger "Tomua" {freeze, rPois Str+3}
  5371 | D:6      | Reached skill level 5 in Armour
  5558 | D:6      | Reached skill level 4 in Necromancy
  5572 | D:6      | Reached ** piety under Kikubaaqudgha
  5575 | D:6      | Reached skill level 5 in Axes
  5575 | D:6      | Reached skill level 5 in Shields
  5575 | D:6      | Reached XP level 8. HP: 53/68 MP: 12/12
  5695 | D:6      | Learned a level 3 spell: Fugue of the Fallen
  6057 | D:7      | Reached skill level 5 in Necromancy
  6803 | D:7      | Reached XP level 9. HP: 58/75 MP: 15/15
  6803 | D:7      | Found a hide-covered altar of Uskayaw.
  6842 | D:7      | Reached skill level 6 in Necromancy
  7150 | D:7      | Found a broken altar of Ashenzari.
  7160 | D:7      | Found a shimmering blue altar of Sif Muna.
  7165 | D:7      | Found a basalt altar of Yredelemnul.
  8000 | D:8      | Found a snail-covered altar of Cheibriados.
  8252 | D:8      | Found Ylipsag's Assorted Antiques.
  8670 | D:8      | Bought a scroll labelled XARPHE ESEI for 24 gold pieces
  8670 | D:8      | Bought a fuming grey potion for 21 gold pieces
  8670 | D:8      | Bought a runed broad axe for 168 gold pieces
  8670 | D:8      | Bought a potion of curing for 72 gold pieces
  8670 | D:8      | Bought a potion of might for 96 gold pieces
  8791 | D:9      | Reached skill level 5 in Spellcasting
  8815 | D:9      | Noticed a troll
  8830 | D:9      | Killed a troll
  8836 | D:9      | Reached skill level 7 in Necromancy
  9313 | D:9      | Found a staircase to the Lair.
  9574 | D:10     | Entered Level 10 of the Dungeon
  9631 | D:10     | Found a transporter.
  9631 | D:10     | Found Vizawos's Antique Weapon Boutique.
  9633 | D:10     | Found a transporter.
  9762 | D:10     | Noticed a deep elf pyromancer
  9768 | D:10     | Noticed an arcanist
  9772 | D:10     | Killed from afar by an arcanist

Illustrated notes

Levels and vault maps discovered:
D:1:      dpeg_arrival_boxes_within_box, layout_loops_ring, serial_bayou_pond_c
D:2:      layout_basic, basic_ecumenical_altar
D:3:      minmay_door_path, layout_loops_corners,
          mainiacjoe_overflow_small_starburst,
          mainiacjoe_overflow_six_doors_small, nicolae_ru_awakened_eye,
          wad_rectangle_vault
D:4:      layout_loops_ring, amcnicky_altar_gilded, old_standard_altar,
          nicolae_overflow_crystal_walls, minmay_temple_entry_crystal_x,
          dk_noncrumbling_3, minmay_unequal
D:5:      layout_cave_pools, nzn_hepliaklqana_mist_gate,
          nemelex_dance_club_becter, minmay_tree_intersection, minmay_circle_x
D:6:      kennysheep_spiral_hall, layout_loops_ring, bloody_trog,
          grunt_decor_cap
D:7:      layout_rooms, minmay_overflow_temple_star_quad,
          mainiacjoe_overflow_cross_hatched
D:8:      layout_loops_ring, lemuel_coloured_pillars_altar, serial_shops,
          nicolae_take_the_stairs
D:9:      layout_irregular_city, erik_lair_island, serial_rivers,
          chequers_serial_rivers_large_a, chequers_serial_rivers_marsh,
          chequers_serial_rivers_micro_d, chequers_serial_rivers_marsh
D:10:     kennysheep_blocky_room, layout_rooms, serial_shops,
          nicolae_shop_drivethru, hangedman_decor_growths,
          bh_hangedman_babel_library, uniq_sonja

Skill      XL: |  1  2  3  4  5  6  7  8  9 |
---------------+----------------------------+-----
Axes           | 3 4 5 6 |  6.9
Armour         | 4 5 6 |  6.6
Fighting       | 4 5 6 |  6.7
Shields        | 4 5 6 |  6.5
Necromancy     | 1 2 3 4 5 7 |  7.4
Spellcasting   | 1 2 3 4 5 |  5.5

Action                     |  1- 3 |  4- 6 |  7- 9 || total
---------------------------+-------+-------+-------++-------
  Melee: War axe           |   128 |   200 |   310 ||   638
  Throw: Dart              |       |     2 |     8 ||    10
   Cast: Fugue of the Fall |       |       |    20 ||    20
         Animate Dead      |       |       |     9 ||     9
 Invoke: Unearth Wretches  |       |       |     3 ||     3
  Evoke: Wand              |       |       |     3 ||     3
    Use: Potion            |       |    10 |     5 ||    15
         Scroll            |       |     1 |    12 ||    13
   Stab: Paralysed         |       |       |     4 ||     4
         Distracted        |       |       |     1 ||     1
 Armour: Scale mail        |    99 |   150 |   316 ||   565
         Skin              |       |     6 |    49 ||    55
  Dodge: Dodged            |    61 |    80 |   165 ||   306
  Block: Buckler           |    24 |    36 |    82 ||   142

Table legend: (Time is in decaauts)
 A = Elapsed time spent in this place.
 B = Non-inter-level travel time spent in this place.
 C = Inter-level travel time spent in this place.
 D = Time resting spent in this place.
 E = Time spent auto-exploring this place.
 F = Levels seen in this place.
 G = Mean time per level.
                   A        B        C        D        E       F      G
               +--------+--------+--------+--------+--------+-----+--------+
         Total |   9983 |   9188 |    795 |   1569 |   5218 |  10 |  998.3 |
       Dungeon |   9983 |   9188 |    795 |   1569 |   5218 |  10 |  998.3 |
               +--------+--------+--------+--------+--------+-----+--------+

Top non-repeatable levels by time:
     D:7: 1427 daAuts
     D:6: 1266 daAuts
     D:3: 1258 daAuts
     D:5: 1235 daAuts
     D:9: 1052 daAuts
     D:4: 984 daAuts
     D:1: 870 daAuts
     D:8: 860 daAuts
     D:2: 831 daAuts
    D:10: 196 daAuts
